 Dungeon Crawl Stone Soup version 0.28-b1-25-g9875b3fc8c (webtiles) character file.

Game seed: 8408331812008035617

95 inmateoo the Cudgeller (level 4, 0/28 HPs)
             Began as a Gargoyle Gladiator on Feb 5, 2022.
             Slain by Terence (8 damage)
             ... on level 1 of the Dungeon.
             The game lasted 00:03:04 (2374 turns).

inmateoo the Cudgeller (Gargoyle Gladiator)         Turns: 2374, Time: 00:03:05

Health: 0/28       AC:  9    Str: 19    XL:     4   Next: 66%
Magic:  4/4        EV: 12    Int:  9    God:
Gold:   59         SH:  0    Dex: 11    Spells: 3/3 levels left

rFire   . . .      SeeInvis .   a - +1 flail
rCold   . . .      Faith    .   (no shield)
rNeg    + . .      Spirit   .   b - +0 leather armour
rPois   ∞          Reflect  .   c - +0 helmet
rElec   +          Harm     .   e - +1 cloak
rCorr   .          Rampage  .   (no gloves)
Will    .....                   (no boots)
Stlth   +.........              (no amulet)
HPRegen 0.09/turn               (no ring)
MPRegen 0.09/turn               (no ring)

@: no status effects
A: sickness immunity, AC +3, negative energy resistance 1, electricity
resistance, torment resistance 1, petrification resistance
a: no special abilities


You were on level 1 of the Dungeon.
You visited 1 branch of the dungeon, and saw 3 of its levels.

You collected 59 gold pieces.

Inventory:

Hand Weapons
 a - a +1 flail (weapon)
Missiles
 d - 2 throwing nets (quivered)
Armour
 b - a +0 leather armour (worn)
 c - a +0 helmet (worn)
 e - a +1 cloak (worn)
Scrolls
 g - 2 scrolls of identify
Potions
 f - a potion of resistance


   Skills:
 + Level 3.1 Fighting
 * Level 4.3 Maces & Flails
 - Level 1.7 Throwing
 - Level 3.0 Dodging


You had 3 spell levels left.
You didn't know any spells.
Your spell library contained the following spells:

 Spells                   Type           Power      Damage    Failure   Level
 Slow                     Hex            0%         N/A       43%         1
 Confusing Touch          Hex            0%         N/A       82%         3
 Vampiric Draining        Necr           0%         2d6       82%         3


Dungeon Overview and Level Annotations

Branches:
Dungeon (3/15)

Altars:

Annotations:
D:1 Terence
D:2 Sigmund
D:3 Grinder


Innate Abilities, Weirdness & Mutations

You are immune to sickness and miasma.
Your stone body is resilient. (AC +3)
You are immune to poison.
You resist negative energy. (rN+)
You are resistant to electric shocks. (rElec)
You are resistant to unholy torment.
You are immune to petrification.


Message History

Terence hits you but does no damage. Terence looks scornfully at you.
Terence says, "Don't bother to defend, it's pointless."
There is a stone staircase leading down here.
You climb downwards.
Level annotation: Sigmund Sigmund gestures at you while chanting.
You are confused.
Sigmund casts a spell at you. You resist with some effort.
There is a stone staircase leading up here.
Sigmund casts a spell.
Sigmund flickers and vanishes!
Deactivating autopickup; reactivate with Ctrl-A.
There is a stone staircase leading up here.
You are more confused.
In your confused state, you trip and fall back down the stairs.
Unknown command.
You climb upwards.
Level annotation: Terence Reactivating autopickup.
Terence hits you with a +0 flail! The hobgoblin barely misses you.
Terence hits you but does no damage.
There is a stone staircase leading down here.
You barely miss the gnoll. The gnoll misses you.
The hobgoblin barely misses you. Terence closely misses you.
The gnoll misses you. The goblin hits you with a +0 dagger.
The hobgoblin completely misses you. Terence hits you but does no damage.
The gnoll hits you but does no damage.
You miss the goblin. The hobgoblin completely misses you.
Terence hits you with a +0 flail. The goblin hits you but does no damage.
The gnoll hits you with a +0 whip.
* * * LOW HITPOINT WARNING * * *
The gnoll hits you with a +0 whip.
* * * LOW HITPOINT WARNING * * *
You thump the gnoll!
The gnoll is almost dead.
You feel less confused. The hobgoblin completely misses you.
Terence hits you with a +0 flail!
You die...

...............#..#
.................##
.................######
...>....>#............#
......#..#.....#..###.#
......#.#......#..# #.#
..................###.#
...............#.###..#
#..............#@###.####
...............gg@......#
.............#..g.......#
#........#.###.)........#
#........#.###..........#
................).......#
......#...####..........#
....##...## #..........#
.....#..## #........(.#


You could see Terence, a gnoll, a hobgoblin and a goblin.

Vanquished Creatures
  3 gnolls
  3 adders
  2 worms
  4 endoplasms
  A giant cockroach (D:1)
  A goblin (D:3)
  4 hobgoblins
  A kobold (D:1)
  A quokka (D:2)
  8 ball pythons
  2 bats
  3 frilled lizards
  3 rats
36 creatures vanquished.

Notes
Turn   | Place    | Note
-------+----------+-------------------------------------------
     0 | D:1      | inmateoo the Gargoyle Gladiator began the quest for the
                  | Orb.
     0 | D:1      | Reached XP level 1. HP: 12/12 MP: 1/1
   294 | D:1      | Reached XP level 2. HP: 18/18 MP: 2/2
   730 | D:2      | Reached XP level 3. HP: 22/22 MP: 3/3
   939 | D:2      | Noticed Terence
   955 | D:2      | You fall into a shaft and drop 1 floor!
  1862 | D:3      | Noticed Grinder
  1919 | D:2      | Reached skill level 4 in Maces & Flails
  1948 | D:2      | Reached XP level 4. HP: 24/27 MP: 4/4
  2296 | D:2      | Noticed Sigmund
  2374 | D:1      | Slain by Terence

Illustrated notes

Levels and vault maps discovered:
D:1:      amcnicky_arrival_flooded_fountain, layout_rooms
D:2:      layout_rooms, basic_altar, minmay_hexomino_f4, uniq_terence,
          uniq_sigmund
D:3:      layout_loops_ring, serial_glass, glass_columns_b, glass_columns_c,
          glass_columns_a, glass_columns_b, glass_columns_a,
          shapermc_ecumenical_altar_pompeii, uniq_grinder

Skill      XL: |  1  2  3  4 |
---------------+-------------+-----
Maces & Flails | 4 |  4.3
Fighting       | 3 |  3.1
Dodging        | 3 |  3.0
Throwing       | |  1.7

Action                   |  1- 3 |  4- 6 || total
-------------------------+-------+-------++-------
Melee: Flail             |    91 |    35 ||   126
       Punch             |     3 |       ||     3
Throw: Throwing net      |       |     1 ||     1
  Use: Scroll            |     3 |     2 ||     5
       Potion            |       |     1 ||     1
Armor: Leather armour    |    38 |    23 ||    61
Dodge: Dodged            |   109 |    46 ||   155
